[Event "Doeberl Cup 2022"]
[Site "Canberra"]
[Date "2022.04.17"]
[Round "7.2"]
[White "Fernandez, Daniel Howard"]
[Black "Sardana, Rishi"]
[Result "0-1"]
[ECO "D36"]
[WhiteElo "2487"]
[BlackElo "2461"]
[Annotator "TA"]
[PlyCount "104"]
[EventDate "2022.04.14"]
[EventType "swiss"]
[EventCountry "AUS"]
[SourceTitle "playchess.com"]
[Source "ChessBase"]
[SourceQuality "1"]
[TimeControl "5400+30"]

1. d4 d5 2. c4 e6 3. Nc3 Nf6 4. cxd5 exd5 5. Bg5 c6 6. e3 Be7 7. Bd3 O-O 8. Nge2 Nbd7 9. Qc2 Re8 10. O-O g6 11. Rae1 Nf8 12. f3 Ne6 13. Bh4 b5 $1 {[%emt 0:00:00][%mdl 4] outshines the older 13...Ng7. D36: Queen's Gambit Declined: Exchange Variation: Main line (5 Bg5 c6 6 Qc2).} 14. Nf4 {[%emt 0:03:39] [#]} Nxf4 $146 ({Predecessor:} 14... Ng7 15. Nce2 Qb6 16. e4 dxe4 17. fxe4 Ng4 18. Bxe7 Rxe7 19. Qd2 Ne5 20. Kh1 Nxd3 21. Qxd3 {½-½ (76) Blohberger,F (2434)-Gonda,L (2532) Hungary 2019}) 15. exf4 Nh5 {[%emt 0:01:29][%csl LRf4,LRh4] The position is equal.} 16. Rxe7 Rxe7 17. f5 Qe8 18. Qd2 (18. fxg6 {keeps more tension.} hxg6 19. Bxg6 fxg6 20. Bxe7 Qxe7 21. Qxg6+ Ng7 22. Qxc6 Qb7 23. Qxd5+ Qxd5 24. Nxd5 Be6 25. Nc7) 18... Re3 ({Don't take} 18... Bxf5 19. Bxf5 b4 20. Na4 $16 (20. Bxe7 Qxe7 21. Nxd5 cxd5 $11)) 19. Nd1 (19. g4 $5 Ng7 20. f6 Rxd3 21. Qxd3 $14) 19... Rxd3 20. Qxd3 {[%emt 0:00:30] [#] Threatens to win with g4.} Bxf5 21. Qd2 {[%emt 0:00:30] Black must now prevent g4.} Ng7 22. g4 Be6 23. Nf2 Qf8 24. Rc1 Rc8 25. Qa5 Ne8 26. Bg3 h5 27. gxh5 (27. h3 $11) 27... Qh6 $17 28. Re1 Qxh5 ({Black should play} 28... gxh5 $17 29. Qc3 Bf5) 29. Kg2 Ng7 30. Qa6 {[%emt 0:00:30][%cal Oe1e6] Strongly threatening Rxe6!} Rf8 31. Qxc6 Nf5 {[%emt 0:00:30][%cal Oh5f3] Black wants to play ...Qxf3+!} 32. Re5 $2 {[%emt 0:00:30] [#] Now White is beyond hope.} (32. Qxb5 $11 {and White is okay.} Nxd4 33. Qd3) 32... Qxf3+ $1 $19 33. Kxf3 Nxd4+ 34. Kg2 Nxc6 35. Re1 d4 36. a3 Rd8 37. Bh4 Rd6 38. Bg3 Bd5+ 39. Kg1 Re6 40. Rc1 (40. Rxe6 {is a better defense.} Bxe6 41. Nd3) 40... Bc4 41. a4 d3 42. axb5 Bxb5 {[%emt 0:00:30] ...d2 is the strong threat.} 43. Rc5 (43. Rd1 {might work better.} Nb4 44. Bc7) 43... Nd4 44. Rc8+ Kg7 45. Rd8 Ne2+ 46. Kg2 Nxg3 47. hxg3 {[%emt 0:00:30][%mdl 4096] Endgame KRB-KRN} (47. Kxg3 Re3+ 48. Kf4) 47... Re2 {[%emt 0:00:30] Black is clearly winning.} 48. b4 Rb2 {[%emt 0:00:30] And now ...Bc6+ would win.} 49. Rd4 (49. g4 $142) 49... Kf6 (49... Bc6+ $142 50. Kg1 Rb1+ 51. Kh2 Rf1 52. Rxd3 Rxf2+ 53. Kh3 f5) 50. Kf3 Bc6+ 51. Ke3 Re2+ 52. Kxd3 Bb5+ {[%emt 0:00:00] Weighted Error Value: White=0.68/Black=0.39} ({Weaker is} 52... Rxf2 53. Rd6+ Ke5 54. Rxc6 $17) 0-1

[Event "Doeberl Cup 2022"]
[Site "Canberra"]
[Date "2022.04.17"]
[Round "7.3"]
[White "Kuybokarov, Temur"]
[Black "Wallis, Christopher"]
[Result "1-0"]
[ECO "C67"]
[WhiteElo "2576"]
[BlackElo "2337"]
[Annotator "TA"]
[PlyCount "53"]
[EventDate "2022.04.14"]
[EventType "swiss"]
[EventCountry "AUS"]
[SourceTitle "playchess.com"]
[Source "ChessBase"]
[SourceQuality "1"]
[TimeControl "5400+30"]

1. e4 e5 2. Nf3 Nc6 3. Bb5 Nf6 4. O-O Nxe4 5. d4 Nd6 6. Bxc6 dxc6 7. dxe5 Nf5 8. Qxd8+ Kxd8 9. h3 Be7 {[%emt 0:00:20] Recently 9...Bd7 got a lot of attention. C67: Ruy Lopez: Berlin Defence: 4 0-0 Nxe4.} 10. Bf4 $5 {[%emt 0:04:31][%mdl 4] [#] A promising side line.} Nh4 $146 ({Predecessor:} 10... Bd7 11. Nc3 b6 12. Rad1 Kc8 13. Ne4 h6 14. g4 Nh4 15. Nxh4 Bxh4 16. Bg3 Be7 17. f4 {½-½ (30) Gungl,T (2331)-Anagnostopoulos,K (2319) Anogia 2018}) 11. Nxh4 Bxh4 {[%emt 0:00:10] The position is equal.} 12. Nd2 Ke8 13. g4 h5 14. f3 b6 15. Kg2 Be6 16. Rad1 Rc8 17. b3 (17. Ne4 {with more complications.} Ke7 18. b3 a5 19. a4) 17... c5 (17... Ke7 {keeps more tension.} 18. Ne4 a5 19. Nc3 c5) 18. Ne4 hxg4 19. hxg4 {[%emt 0:00:15] [#] Strongly threatening Rh1.} f5 20. exf6 $1 gxf6 21. Nc3 {[%emt 0:09:27] &Bianco is much more active.} f5 22. Nb5 Bd8 23. Nxa7 Ra8 {[%emt 0:01:04] [#]} 24. Rfe1 $1 $36 {[%emt 0:01:02][%mdl 2048] White has strong initiative. White is clearly better.} Kf7 25. Nc6 {[%emt 0:00:07] Ne5+ is the strong threat.} Bf6 (25... fxg4 $16 26. Ne5+ (26. Nxd8+ Rhxd8 27. Rxd8 Rxd8 $11) (26. Rxd8 Rhxd8 27. Nxd8+ Rxd8 $11) 26... Kg7) 26. g5 $18 ({Not} 26. Bxc7 Rxa2 27. Kg1 Rxc2 $11) 26... Rhg8 27. Kf2 {[%emt 0:00:20] Weighted Error Value: White=0.04 (flawless) /Black=0.13 (very precise)} 1-0

[Event "Doeberl Cup 2022"]
[Site "Canberra"]
[Date "2022.04.17"]
[Round "7.4"]
[White "Ikeda, Junta"]
[Black "Winkelman, Albert"]
[Result "1-0"]
[ECO "C55"]
[WhiteElo "2457"]
[BlackElo "2257"]
[Annotator "TA"]
[PlyCount "174"]
[EventDate "2022.04.14"]
[EventType "swiss"]
[EventCountry "AUS"]
[SourceTitle "playchess.com"]
[Source "ChessBase"]
[SourceQuality "1"]
[TimeControl "5400+30"]

1. e4 e5 2. Nf3 Nc6 3. Bc4 Nf6 4. d3 h6 5. O-O d6 6. a4 g5 {[%emt 0:07:56] C55: Two Knights: 4 d3, 4 d4 exd4 5 e5 and Max Lange Attack.} 7. Nc3 Bg7 8. a5 O-O {[%emt 0:05:36] [#] The position is equal.} 9. Re1 $146 ({Predecessor:} 9. Nd5 Nxd5 10. Bxd5 a6 11. Nd2 Ne7 12. Bb3 Kh7 13. Nc4 f5 14. exf5 Bxf5 15. Ne3 {½-½ (53) Svidler,P (2723)-Oparin,G (2652) Chess.com INT 2020}) 9... Ne7 10. d4 Ng6 11. a6 b6 12. d5 Bd7 13. Bb5 Rc8 14. Nd2 Qe8 15. Bxd7 (15. Bf1 $16) 15... Qxd7 $14 16. Nc4 c6 {[%emt 0:01:25] And now ...cxd5 would win.} 17. dxc6 (17. Ne3 $1 $14) 17... Qxc6 $11 18. Na3 (18. Nxd6 Rfd8 19. Ncb5 Rxd6 $1 20. Qxd6 (20. Nxd6 Rd8 $17) 20... Qxb5 $17) 18... Rcd8 19. Nab5 Rd7 20. Qe2 d5 21. exd5 Nxd5 22. Nxd5 Qxd5 23. Be3 Rfd8 $2 {[%emt 0:03:17] [#]} (23... Qa8 $11) 24. Nxa7 $1 $18 Rxa7 25. Bxb6 Nf4 26. Qf1 Rda8 27. Bxa7 Rxa7 28. g3 (28. b4 $1 $18) 28... Ne6 $16 29. c3 $1 {[%emt 0:00:37] Prevents Nd4.} g4 (29... e4 $16) 30. Red1 $18 Qc6 (30... Qb3 $142 31. Qe2 h5) 31. Qd3 $2 (31. b4 $1 $18) 31... Ng5 $1 $11 32. Qd8+ (32. b4 $11 {keeps the balance.} Nh3+ 33. Kf1 Qh1+ 34. Ke2) 32... Bf8 $17 {[%emt 0:02:36] Strongly threatening ...Qf3.} 33. Qd5 Rxa6 (33... Qf6 $17 34. Kf1 Rxa6 35. Rxa6 Qxa6+ 36. Qd3 Qa4) 34. Qxc6 $15 Rxc6 35. Ra8 Kg7 36. Rdd8 (36. Kf1 $15) 36... Be7 $17 37. Rac8 (37. Rd5 $17 {keeps fighting.}) 37... Re6 (37... Rb6 $19 {is more deadly.} 38. Rg8+ Kh7) 38. Rd5 Ra6 {[%emt 0:00:17] ( -> ...Ra1+)} 39. Kf1 Ra1+ 40. Ke2 Nf3 41. Rd1 {[%emt 0:00:31] Against Re1+} Ra2 42. Rb8 Ba3 (42... Nxh2 43. Rd7 Bg5 44. Rbb7 $11) 43. Rb1 Bc5 (43... Nxh2 $6 44. Ra8 Rxb2+ 45. Rxb2 Bxb2 46. Kd2 $11) 44. Rb5 Ba7 (44... Bf8 $15) 45. Rb3 $1 $11 Bc5 {[%emt 0:01:35] Against Ra3} ({Black should play} 45... Ng5 $11) 46. Rb5 $15 Bd4 47. Rb3 {[%emt 0:00:49] [#]} (47. Rb4 $11) 47... Kf6 $1 48. h3 {[%emt 0:01:09] [#]} (48. Ra3 Rxa3) 48... h5 $1 49. hxg4 {[%emt 0:00:00] [#]} (49. h4 Ke6) 49... hxg4 50. Rd1 (50. Ra3 Rxa3) 50... Bc5 51. Rb5 Ba3 52. Rb1 Kf5 53. Kd3 Be7 54. Rd1 Ra8 55. Ke2 Ra7 {[%emt 0:00:33] Prevents Rb7.} 56. Rbd5 Rb7 57. b4 Ke6 {[%emt 0:01:29] Prevents Rd7. Threatens to win with ...Rc7.} 58. Ra5 Rc7 $1 59. Ra3 Kf5 (59... Ng5 $17 60. Kd3 f5 61. Ra6+ Kf7) 60. Rb3 ({White should try} 60. Rda1 $15) 60... Ra7 61. Rdb1 (61. Rb2 $17 {was forced.}) 61... Bd8 62. R3b2 Ke4 63. c4 (63. Rd1 $17 {might work better.} Bb6 64. Kf1) 63... Nd4+ 64. Kf1 {[%emt 0:00:13] [#]} Kd3 $1 65. c5 {[%emt 0:00:20] [#]} Kc4 $1 66. Re1 f6 67. Rbb1 Kb5 68. Kg2 Bc7 (68... Rg7 $19 {Hoping for ...Bc7.} 69. Rh1 f5) 69. Rh1 $1 Nc6 70. Rh7 e4 (70... Bb8 $17 71. Rh4 Rg7) 71. Re1 $11 f5 72. Rf7 Nd4 ({Don't play} 72... Nxb4 73. Rxf5 Nc6 74. Rxe4 $16) 73. Rd1 Kc4 74. Rd7 (74. c6 $11) 74... Nf3 75. Rf7 e3 (75... Kxb4 $5 76. Rf1 Ne5 77. Rxf5 Kxc5 $17) 76. Rc1+ $1 Kd3 {[%emt 0:02:10][%cal Oa7a2] White must now prevent ...Ra2!} ({Much weaker is} 76... Kxb4 $6 77. Rxf5 Ra3 78. Rxf3 gxf3+ 79. Kxf3) 77. Rd7+ ({Don't go for} 77. Rxf5 $2 Ra2 78. Rxf3 gxf3+ 79. Kxf3 Rxf2+ 80. Kg4 e2 $19) 77... Ke4 78. Re7+ Ne5 79. Re1 Kd5 80. Rxe3 Nf3 $1 81. Rf7 Ra1 82. Rxf5+ Kc4 $2 (82... Be5 $11 83. Rfxf3 gxf3+ 84. Kxf3 Rb1) 83. Re4+ $18 Kb5 84. Rxg4 Ne1+ 85. Kh3 Nd3 $2 (85... Ra8 86. Re4 Rh8+ 87. Rh4 Rc8 88. c6+ Kb6) 86. Rg7 Be5 87. Rd7 Nxb4 {[%emt 0:01:07] Both players deserved the win here.  Weighted Error Value: White=0.20 (precise) /Black=0.24 (precise)} 1-0

[Event "Doeberl Cup 2022"]
[Site "Canberra"]
[Date "2022.04.17"]
[Round "7.5"]
[White "Lane, Gary W"]
[Black "Johansen, Darryl K"]
[Result "1/2-1/2"]
[ECO "B80"]
[WhiteElo "2332"]
[BlackElo "2385"]
[Annotator "TA"]
[PlyCount "34"]
[EventDate "2022.04.14"]
[EventType "swiss"]
[EventCountry "AUS"]
[SourceTitle "playchess.com"]
[Source "ChessBase"]
[SourceQuality "1"]
[TimeControl "5400+30"]

1. e4 c5 2. Nf3 e6 3. d4 cxd4 4. Nxd4 Nc6 5. Nc3 d6 6. Be3 Nf6 7. Qe2 {[%emt 0:00:54] B80: Sicilian Scheveningen: 6 g3 and 6 Be3, including English Attack.} e5 8. Nb3 Be7 9. f3 {[%emt 0:01:08] [#] White is slightly better.} a6 $146 ({Predecessor:} 9... O-O 10. O-O-O a5 11. a3 Be6 12. Nc5 Qc8 13. Nxe6 fxe6 14. g3 Nd8 15. f4 Qc6 {0-1 (49) Stefansson,H (2573)-Rublevsky,S (2645) Warsaw 2005}) 10. Qf2 Be6 11. Bb6 ({White should try} 11. O-O-O $16) 11... Qb8 $11 12. O-O-O Nd7 13. Na4 Nxb6 14. Nxb6 Qa7 $1 {[%emt 0:00:18] [#] aiming for ...Bd8.} 15. Qg1 Rd8 (15... Bd8 $11 16. Nc4 (16. Nxa8 Bg5+ 17. Kb1 Be3 $17) 16... Bg5+ 17. Kb1 Qxg1 18. Rxg1 O-O-O) 16. g4 (16. Kb1 $14) 16... Bxb3 17. axb3 Nd4 {[%emt 0:00:29] Weighted Error Value: White=0.23 (precise) /Black=0.13 (very precise)} 1/2-1/2

[Event "Doeberl Cup 2022"]
[Site "Canberra"]
[Date "2022.04.17"]
[Round "7.6"]
[White "Leaver, Kyle"]
[Black "Stojic, Dusan"]
[Result "1/2-1/2"]
[ECO "E11"]
[WhiteElo "2140"]
[BlackElo "2240"]
[Annotator "TA"]
[PlyCount "169"]
[EventDate "2022.04.14"]
[EventType "swiss"]
[EventCountry "AUS"]
[SourceTitle "playchess.com"]
[Source "ChessBase"]
[SourceQuality "1"]
[TimeControl "5400+30"]

1. d4 Nf6 2. c4 e6 3. Nc3 Bb4 4. Bd2 O-O 5. Nf3 c5 6. a3 {[%emt 0:00:30] E11: Bogo-Indian.} Bxc3 7. Bxc3 Ne4 8. Rc1 d6 9. e3 Nc6 10. Be2 Nxc3 11. Rxc3 e5 {[%emt 0:02:00] [#]} 12. dxe5 $146 ({Predecessor:} 12. O-O Bg4 13. dxc5 dxc5 14. h3 Bf5 15. Nd2 Qe7 16. Bg4 Bg6 17. Bh5 Bf5 18. Bg4 {½-½ (29) Ringoir,T (2491)-Balakrishnan,P (2498) Charlotte 2020}) 12... dxe5 13. Qxd8 Rxd8 14. Nd2 f5 15. Rg1 e4 16. f4 Kf7 17. g4 g6 18. gxf5 gxf5 19. Rg5 Rd6 20. Nf1 h6 21. Bh5+ Kf8 22. Rg2 Be6 23. Rd2 Rxd2 24. Nxd2 Ke7 25. Rc1 Rg8 26. Kf2 {[%emt 0:00:00] Against Rg2+} Rd8 27. Rc2 b6 28. Be2 Kf6 29. Nf1 Na5 30. Ke1 Ke7 31. Nd2 Nc6 32. Rc1 Rg8 33. Kf2 {[%emt 0:01:25] Prevents Rg2+.} Bf7 34. Nf1 Rd8 35. Ke1 Be6 36. Rc3 Kf6 37. Rc1 Rc8 38. Rc3 Ne7 39. Rc2 Rg8 40. Kf2 Nc8 41. Rd2 Ke7 42. Rc2 Nd6 43. Nd2 a6 44. Rc1 Bf7 45. Nb1 Rc8 46. Nd2 b5 47. cxb5 axb5 48. Rc2 c4 49. Nb1 Rb8 50. Nc3 b4 51. axb4 Rxb4 52. Nb1 Be8 53. Na3 Bf7 54. Ke1 Rb3 55. Kf2 $1 Kd7 56. Nb1 Rb4 57. Nd2 Bd5 58. Ke1 Kc6 59. b3 Kc5 60. Kf2 Kc6 61. Ke1 (61. Nxc4 Nxc4 62. bxc4 (62. Bxc4 Bxc4 63. bxc4 Kc5 $11) 62... Be6 $11) 61... Kc5 62. Kf2 Bf7 63. Kg3 Kb6 64. bxc4 {[%emt 0:01:20] [#] Strongly threatening c5+.} Kc5 65. Kh4 Nxc4 $2 (65... Rb6 $14) 66. Bxc4 ({White should play} 66. Rc1 $18) 66... Bxc4 $14 {[%emt 0:00:00][%mdl 4096] Endgame KRB-KRN} 67. Kh5 {[%emt 0:01:00] Black must now prevent Kg6.} ({But not} 67. Nxc4 Rxc4 68. Rg2 Rc1 $11) 67... Kd5 68. Nxc4 ({Much worse is} 68. Rxc4 Rxc4 69. Nxc4 Kxc4 70. Kxh6 Kd3 $11) 68... Rxc4 {[%emt 0:00:00] KR-KR} 69. Rd2+ Ke6 70. Kxh6 (70. Rg2 $14) 70... Rc3 $11 71. Re2 Kf6 $1 72. Kh5 Rd3 (72... Rc8 $5 73. Kh4 Rc3 $11) 73. Kh4 Rd1 ({Better is} 73... Rc3 $11) 74. Kg3 (74. Rb2 $14) 74... Rf1 75. Kg2 Rf3 {[%emt 0:04:00] The position is equal.} 76. Kg1 Ke6 77. h4 Rh3 78. Rh2 Rxe3 79. h5 Ra3 80. Rh4 (80. h6 Ra1+ 81. Kg2 Ra2+ 82. Kh3 Rxh2+ 83. Kxh2 Kf6 84. Kh1 Kg6 85. h7 Kxh7 86. Kg2 Kg6 87. Kf2 Kf6 88. Ke3 Kf7 89. Kf2 Ke6 90. Ke2 Kd5 91. Ke3 Kc5 92. Kf2 Kd4 93. Ke2 e3 94. Ke1 Ke4 95. Ke2 Kxf4 96. Ke1 Ke4 97. Ke2 f4 98. Ke1 f3 99. Kf1 Kd3 100. Ke1 f2+ 101. Kf1 Kd2 102. Kg2 e2 103. Kh3 f1=Q+ 104. Kg3 e1=Q+ 105. Kg4 Qe4+ 106. Kh5 Qff5+ 107. Kh6 Qg6#) 80... Kf6 81. h6 {[%emt 0:00:22] [#] Intending h7 and mate.} Ra8 82. h7 Rh8 83. Rh5 Kg6 84. Rg5+ Kf6 85. Rh5 {[%emt 0:00:06] Weighted Error Value: White=0.02 (flawless) /Black=0.04 (flawless)} 1/2-1/2

[Event "Doeberl Cup 2022"]
[Site "Canberra"]
[Date "2022.04.17"]
[Round "7.7"]
[White "Bjelobrk, Igor"]
[Black "Gong, Noah"]
[Result "1-0"]
[ECO "A30"]
[WhiteElo "2403"]
[BlackElo "1993"]
[Annotator "TA"]
[PlyCount "115"]
[EventDate "2022.04.14"]
[EventType "swiss"]
[EventCountry "AUS"]
[SourceTitle "playchess.com"]
[Source "ChessBase"]
[SourceQuality "1"]
[TimeControl "5400+30"]

1. Nf3 Nf6 2. c4 e6 3. g3 b6 4. Bg2 Bb7 5. O-O Be7 6. Nc3 O-O 7. Re1 c5 8. e4 d6 9. d4 cxd4 10. Nxd4 Qc8 11. Be3 a6 12. Rc1 {[%emt 0:00:30] A30: Symmetrical English: Double Fianchetto and Hedgehog.} Nbd7 13. f4 Rd8 (13... Re8 $14) 14. g4 $16 {[%emt 0:00:30][%cal Bg3g4,Bg4g5][%mdl 32] White is better.} Ne8 15. g5 Bf8 16. b3 {[%emt 0:00:30] [#]} Qc7 $146 (16... g6 $16) ({Predecessor:} 16... g6 17. h4 Ng7 18. Qc2 Nc5 19. b4 Nd7 20. Qb3 Qc7 21. Nd1 Nh5 22. Nf2 e5 {½-½ (72) Ott,F (2119)-Ruff,M (2053) Hannover 2013}) 17. f5 $18 e5 {[%emt 0:00:30] [#]} 18. Nd5 $1 Qb8 19. Ne6 fxe6 20. fxe6 Bxd5 21. cxd5 (21. exd7 $6 Be6 22. dxe8=N (22. dxe8=R Rxe8 23. Rc2 Be7 $14) 22... Rxe8 $11) 21... Ndf6 {[%emt 0:00:30] Prevents Qh5.} 22. gxf6 Nxf6 23. Rc6 b5 24. Re2 Rc8 25. Rec2 $36 {[%emt 0:00:30][%mdl 2048] White is on the roll. &Bianco is much more active.} Qb7 (25... Rxc6 $16 {might work better.} 26. Rxc6 (26. dxc6 Qc7 $16) 26... Be7) 26. Qc1 Rxc6 27. Rxc6 {[%emt 0:00:30] [#] Black must now prevent Rc7.} ({But not} 27. dxc6 Qc7) 27... Ne8 {[%emt 0:00:30] Inhibits Rc7.} (27... Ng4 $142 28. Rc7 Qb8) 28. Bf3 Qe7 29. Kg2 h6 30. Kg3 a5 31. a3 a4 32. b4 ({Don't take} 32. bxa4 $6 Rxa4 33. Kg2 b4 $18) 32... Rb8 33. Kf2 Qh4+ 34. Kg2 {[%emt 0:00:30] Threatens to win with Rc8.} Qe7 35. Kf1 Qh4 $2 (35... Qd8 {was necessary.} 36. Qc3 Nf6) 36. Qc2 (36. Rc8 $142 Rxc8 37. Qxc8) 36... Qf6 37. Qf2 Qe7 (37... Be7 $142 38. Ke2 Qg6) 38. Bh5 Nf6 39. Bf7+ Kh8 40. Qf5 Nh7 $2 (40... Qd8 41. Qf3 Be7) 41. Bg6 Nf6 42. Ke2 {[%emt 0:00:30] Hoping for Bb6.} Ra8 43. Kd2 Rb8 (43... Ng8 {keeps fighting.} 44. Qf2 Qd8) 44. Qf3 Qd8 45. Bf5 Be7 46. Qe2 Ng8 $2 (46... Qe8 47. Qg2 g5) 47. Qh5 Nf6 48. Qf7 Ra8 49. Bb6 Qe8 (49... Qf8 $142 50. Qxf8+ Rxf8) 50. Qxe8+ Nxe8 51. Bg6 Bg5+ 52. Ke2 Bf4 53. Bxe8 Rxe8 54. Rxd6 {[%emt 0:00:30] White threatens Rd8 and mate.} Bc1 55. Rd8 {[%emt 0:00:30] White mates.} Rxd8 56. Bxd8 Kg8 57. d6 Kf8 58. d7 {[%emt 0:00:30] Weighted Error Value: White=0.28 (precise) /Black=0.52} 1-0

[Event "Doeberl Cup 2022"]
[Site "Canberra"]
[Date "2022.04.17"]
[Round "8.1"]
[White "Melkumyan, Hrant"]
[Black "Sardana, Rishi"]
[Result "1-0"]
[ECO "D35"]
[WhiteElo "2649"]
[BlackElo "2461"]
[Annotator "TA"]
[PlyCount "137"]
[EventDate "2022.04.14"]
[EventType "swiss"]
[EventCountry "AUS"]
[SourceTitle "playchess.com"]
[Source "ChessBase"]
[SourceQuality "1"]
[TimeControl "5400+30"]

1. d4 d5 2. c4 e6 3. Nf3 Nf6 4. Nc3 Nbd7 5. Qc2 Be7 6. cxd5 exd5 7. Bf4 c6 8. h3 O-O 9. e3 Re8 10. Bd3 g6 11. O-O Nf8 12. Rab1 a5 13. a3 Ne6 14. Be5 Bd6 15. b4 axb4 16. axb4 b5 17. Bxd6 Qxd6 18. Ne5 Nd7 19. f4 Ng7 20. Nd1 (20. Ne2 $5 ) 20... Ra6 (20... Nb8 $5 ) 21. Nf2 f6 $2 (21... Nb6 $14) 22. Nfg4 $1 $18 f5 (22... fxe5 $2 23. Nh6+ Kh8 24. Nf7+ Kg8 25. Nxd6 $18) 23. Nh6+ Kf8 24. Nhf7 Qe7 {[%emt 0:00:40] [#]} 25. Ra1 $1 Nxe5 26. Nxe5 Rxa1 27. Rxa1 Bb7 28. Ra7 Ra8 29. Qa2 (29. Rxa8+ $18 Bxa8 30. Kf2) 29... Rxa7 30. Qxa7 Ne8 (30... Qc7 $142 31. g3 Ne8) 31. Kf2 Nd6 (31... Qc7 $142 32. g4 fxg4) 32. Ke2 Nc4 (32... Qc7 {is a better defense.} 33. g4 Kg8 34. gxf5 gxf5) 33. Bxc4 (33. Qb8+ $18 {has better winning chances.} Kg7 34. g4) 33... dxc4 $4 (33... bxc4 $16 34. g4 Qc7) 34. g4 (34. Qb8+ $142 Kg7 35. g4) 34... Kg7 $2 (34... Qc7 {keeps fighting.} 35. Kd2 Ke8) 35. g5 Kf8 $2 (35... Qc7 36. Qc5 Qd8 37. Nxc6 Qe8) 36. Kd1 $2 (36. Qb8+ Kg7 37. h4) 36... Kg7 $2 (36... Qc7 37. Qc5+ Qe7) 37. Kc2 Kf8 (37... Qc7 $142 38. Qc5 Qd8) 38. Kc3 $2 (38. Qb8+ Kg7 39. Kd1) 38... Kg7 $2 (38... Qc7 39. Qc5+ Qe7) 39. Qb8 $18 Ba6 40. Qb6 (40. h4 $142 {[%cal Oh4h5] Black must now prevent h5!} Bb7 41. e4) 40... Bb7 $18 41. h4 $2 (41. d5 cxd5 42. Qxb5) 41... Ba8 $2 (41... Kf8 42. Qa7 Qc7 43. Qc5+ Qe7) 42. Qa5 Bb7 43. Qa7 Kf8 $2 (43... Qc7 44. Qc5 Qd8 45. Nxc6 Qe8) 44. Qb6 (44. Qb8+ $142 Kg7 45. e4) 44... Kg7 45. d5 cxd5 46. Qxb5 Qc7 (46... Kf8 $142 47. Qb6 Ke8) 47. Qa5 (47. Qe8 $142 {h5 would kill now.} Bc8 48. Kc2) 47... Qxa5 $18 48. bxa5 Kf8 49. Kb4 Ke7 50. Kc5 c3 51. Nd3 c2 52. Kd4 Ba6 53. Nc1 Kd6 54. Kc3 Bb5 55. Nb3 d4+ 56. Kxd4 Ba4 57. Nc1 Kc6 58. Kc4 Kb7 {[%emt 0:00:17] [#]} 59. Kb4 $1 Bc6 60. Kc3 Be4 61. Kd2 Ka6 62. Nb3 Kb5 63. a6 Kb6 64. a7 Kb5 65. Nc1 Kc4 (65... Kb6 $142 66. Nd3 Kxa7) 66. Nd3 $18 Ba8 67. Kxc2 Kd5 68. Ne5 Kd6 69. Kc3 1-0

[Event "Doeberl Cup 2022"]
[Site "Canberra"]
[Date "2022.04.17"]
[Round "8.2"]
[White "Kuybokarov, Temur"]
[Black "Cheng, Bobby"]
[Result "1-0"]
[ECO "C11"]
[WhiteElo "2576"]
[BlackElo "2550"]
[Annotator "TA"]
[PlyCount "123"]
[EventDate "2022.04.14"]
[EventType "swiss"]
[EventCountry "AUS"]
[SourceTitle "playchess.com"]
[Source "ChessBase"]
[SourceQuality "1"]
[TimeControl "5400+30"]

1. e4 e6 2. d4 d5 3. Nc3 Nf6 4. e5 Nfd7 5. f4 c5 6. Nf3 Nc6 7. Be3 cxd4 8. Nxd4 Qb6 9. a3 Bc5 (9... Qxb2 $2 10. Na4 Qxa1 11. Qxa1 $18) 10. Ncb5 {[%emt 0:00:30] C11: French: Classical System: 4 e5 and 4 Bg5 dxe4.} Nxd4 11. Bxd4 O-O 12. b4 {[%emt 0:00:30] The position is equal.} Bxd4 13. Qxd4 a5 14. Rb1 axb4 15. axb4 f6 16. Qxb6 Nxb6 17. Bd3 fxe5 18. fxe5 {[%emt 0:00:30] [#]} Ra2 $146 ({Predecessor:} 18... Bd7 19. Nd6 Bc8 {1-0 (43) Quintero,D-Brancaleone,S (1777) ICCF email 2017}) 19. Nd4 (19. Kd2 {is interesting.} Rf2+ 20. Ke3 Rxg2 21. Nd6) 19... Rf4 20. Nf3 Ra4 21. c3 Ra3 22. Ke2 (22. Kd2 $5 ) 22... Ra2+ 23. Ke3 Rg4 24. g3 Nc4+ 25. Bxc4 Rxc4 (25... dxc4 $2 26. Rhd1 $18) 26. Kd3 Re4 27. Ra1 Rf2 (27... Ree2 $11 {remains equal.}) 28. Nd4 ({White should play} 28. Rhf1 $1 $16 Rxf1 29. Rxf1) 28... Rxe5 $11 29. Ra8 Rf8 30. Rha1 {[%emt 0:00:30] aiming for Rb8.} Re4 $2 (30... Bd7 $11 {and Black has nothing to worry.}) 31. Rb8 $1 $18 e5 {[%emt 0:00:30] [#]} 32. Raa8 $1 exd4 33. Rxc8 Rxc8 34. Rxc8+ {[%emt 0:00:30][%mdl 4096] Endgame KR-KR} Kf7 35. c4 Re3+ (35... Ke7 {was worth a try.} 36. Rb8 (36. cxd5 Rg4 $16) 36... Kd6) 36. Kxd4 Rb3 37. cxd5 {[%emt 0:00:30] Threatens to win with Rc7+.} Rxb4+ 38. Ke5 Rb2 39. Rc7+ Kf8 $2 (39... Kg6 $16 40. d6 Re2+ 41. Kd5 Kf6) 40. Ke6 ({Weaker is} 40. d6 Ke8 $16) 40... Re2+ 41. Kd7 $1 {[%emt 0:00:30] And now d6 would win.} Rxh2 42. d6 Rd2 43. Rc5 (43. Rc3 $142 g5 44. Rc5) 43... Kf7 44. Rf5+ Kg6 45. Rf4 (45. g4 $18) 45... Rd3 $11 46. Ke7 {[%emt 0:00:30] Hoping for d7.} Re3+ 47. Kd8 {[%emt 0:00:30] Black must now prevent d7.} Rxg3 48. Rd4 {[%emt 0:00:30] White threatens d7 and mate.} Rf3 $2 (48... Kf7 $11) 49. d7 {[%emt 0:00:30] White mates.} Rf7 50. Ke8 Rxd7 51. Kxd7 {[%emt 0:00:30] KR-K3P} ({Less strong is} 51. Rxd7 h5 $16) 51... Kf5 {[%emt 0:00:30] [#]} 52. Rd5+ $1 Kg4 {[%emt 0:00:30] [#]} 53. Ke6 $1 h5 54. Rd4+ Kg5 55. Ke5 h4 56. Ke4 Kg4 57. Ke3+ Kg3 58. Rd5 h3 59. Rg5+ Kh4 60. Rxg7 h2 61. Kf2 h1=N+ 62. Kf3 {[%emt 0:00:30] Weighted Error Value: White=0.21 (precise) /Black=0.43} 1-0